 Dungeon Crawl Stone Soup version 0.22.0-13-g43fe8f2 (webtiles) character file.

23333 mortelune the Basher (level 12, 37/117 HPs)
             Began as a Deep Dwarf Fighter on Aug 16, 2018.
             Was an Elder of Makhleb.
             Quit the game on level 2 of the Lair of Beasts.
             The game lasted 01:12:01 (12468 turns).

mortelune the Basher (Deep Dwarf Fighter)          Turns: 12468, Time: 01:12:02

Health: 37/117     AC: 23    Str: 22    XL:     12   Next: 70%
Magic:  8/8        EV:  9    Int: 13    God:    Makhleb [****..]
Gold:   911        SH:  8    Dex: 17    Spells: 11/11 levels left

rFire    + . .     SeeInvis .   a - +3 morningstar
rCold    . . .     Gourm    .   c - +0 shield
rNeg     . . .     Faith    .   F - +3 chain mail
rPois    .         Spirit   .   D - +0 helmet
rElec    .         Reflect  .   y - +1 cloak {MR+}
rCorr    +         Harm     .   u - +0 pair of gloves
MR       ++...                  U - +2 pair of boots of the Vacuum {rCorr}
Stlth    ..........             (no amulet)
HPRegen  0.00/turn              K - +3 ring of protection
MPRegen  0.11/turn              Q - ring of the Iron Devil {rF+ Str-2 Int+3 Slay+2}

@: agile, non-regenerating, extremely drained
A: damage resistance, heal wounds, yellow scales 1, blink, sense surroundings 2,
no regeneration
a: Heal Wounds, Blink, Minor Destruction, Lesser Servant of Makhleb, Major
Destruction, Renounce Religion


You were on level 2 of the Lair of Beasts.
You worshipped Makhleb.
Makhleb was greatly pleased with you.
You were hungry.

You visited 3 branches of the dungeon, and saw 16 of its levels.
You also visited: Ice Cave.

You collected 911 gold pieces.

Inventory:

Hand Weapons
 a - a +3 morningstar (weapon)
 b - a +0 hunting sling
 J - the +9 sword of Zonguldrok {reap}
   (You found it on level 8 of the Dungeon)

   If a monster killed with it leaves a corpse in good enough shape, the corpse
   will be animated as a zombie friendly to the killer.
 L - a +2 morningstar of holy wrath
Missiles
 k - 100 sling bullets
 w - 12 tomahawks (quivered)
 z - a throwing net
Armour
 c - a +0 shield (worn)
 n - a +0 plate armour
 u - a +0 pair of gloves (worn)
 v - a +0 pair of boots
 y - a +1 cloak of magic resistance (worn)
 D - a +0 helmet (worn)
 F - a +3 chain mail (worn)
 U - the +2 pair of boots of the Vacuum (worn) {rCorr}
   (You acquired it on level 12 of the Dungeon)

   It provides partial protection from all sources of acid and corrosion.
Jewellery
 g - an uncursed ring of poison resistance
 l - an uncursed ring of resist corrosion
 p - an uncursed ring of positive energy
 G - a +2 ring of protection
 K - a +3 ring of protection (left hand)
 O - an uncursed ring of fire
 P - an uncursed ring of protection from fire
 Q - the ring of the Iron Devil (right hand) {rF+ Str-2 Int+3 Slay+2}
   (You found it on level 1 of the Lair of Beasts)

   [ring of protection from fire]

   It affects your strength (-2).
   It affects your intelligence (+3).
   It affects your accuracy and damage with ranged weapons and melee attacks
   (+2).
   It protects you from fire.
Wands
 d - a wand of paralysis (31)
 o - a wand of polymorph (16)
 r - a wand of enslavement (23)
 t - a wand of random effects (34)
 C - a wand of flame (19)
Scrolls
 h - a scroll of identify
 s - 4 scrolls of remove curse
 x - 2 scrolls of teleportation
 I - 3 scrolls of enchant weapon
 N - a scroll of blinking
 T - 2 scrolls of summoning
 V - a scroll of fog
 W - a scroll of fear
 Z - a scroll of immolation
Potions
 e - 4 potions of magic
 i - a potion of lignification
 j - 2 potions of brilliance
 q - 3 potions of flight
 A - 3 potions of curing
 B - a potion of haste
 E - 2 potions of degeneration
 R - 3 potions of might
 S - 2 potions of resistance
 X - 2 potions of mutation
Miscellaneous
 M - a lamp of fire
Comestibles
 f - 18 rations
 H - 10 chunks of flesh


   Skills:
 + Level 10.5(0.0) Fighting
 - Level 2.5(0.0) Long Blades
 + Level 12.4(0.0) Maces & Flails
 + Level 12.3(0.0) Armour
 - Level 3.2(0.0) Shields
 + Level 10.2(0.0) Invocations


You had 11 spell levels left.
You didn't know any spells.
Your spell library contained the following spells:

 Spells                   Type           Power        Failure   Level  Hunger
 Magic Dart               Conj           #...         100%        1    ##.....
 Conjure Flame            Conj/Fire      #.......     100%        3    ####...
 Slow                     Hex            #.......     100%        2    ###....
 Throw Frost              Conj/Ice       #.....       100%        2    ###....
 Freezing Cloud           Conj/Ice/Air   #.........   100%        6    #######
 Mephitic Cloud           Conj/Pois/Air  #.......     100%        3    ####...
 Summon Small Mammal      Summ           #...         100%        1    ##.....
 Blink                    Tloc           N/A          100%        2    ###....
 Iskenderun's Mystic Bla  Conj           #.......     100%        4    #####..
 Animate Dead             Necr           N/A          100%        4    #####..
 Pain                     Necr           #...         100%        1    ##.....
 Animate Skeleton         Necr           N/A          100%        1    ##.....
 Vampiric Draining        Necr           #.........   100%        3    ####...
 Freeze                   Ice            #...         100%        1    ##.....
 Summon Ice Beast         Ice/Summ       #.......     100%        4    #####..
 Ozocubu's Armour         Chrm/Ice       #.......     100%        3    ####...
 Call Imp                 Summ           #.......     100%        2    ###....
 Regeneration             Chrm/Necr      #.........   100%        3    ####...
 Stone Arrow              Conj/Erth      #.....       100%        3    ####...
 Throw Icicle             Conj/Ice       #.......     100%        4    #####..
 Call Canine Familiar     Summ           #.......     100%        3    ####...
 Dispersal                Tloc           #.........   100%        6    #######
 Lee's Rapid Deconstruct  Erth           #.........   100%        5    ######.
 Portal Projectile        Hex/Tloc       #.....       100%        3    ####...
 Petrify                  Tmut/Erth      #.......     100%        4    #####..
 Fulminant Prism          Conj/Hex       #.........   100%        4    #####..
 Dazzling Spray           Conj/Hex       #.....       100%        3    ####...
 Force Lance              Conj/Tloc      #.......     100%        4    #####..
 Searing Ray              Conj           #.....       100%        2    ###....
 Summon Lightning Spire   Summ/Air       #.......     100%        4    #####..
 Summon Guardian Golem    Hex/Summ       #.......     100%        3    ####...


Dungeon Overview and Level Annotations

Branches:
Dungeon (13/15)            Temple (1/1) D:7            Lair (2/6) D:11
    Orc (0/2) D:12
  Swamp: Lair:2-4    Shoals: Lair:2-4     Snake: Lair:2-4    Spider: Lair:2-4
 Vaults: D:13-14

Altars:
Ashenzari
Cheibriados
Dithmenos
Elyvilon
Fedhas
Gozag
Kikubaaqudgha
Makhleb
Qazlal
Trog
Uskayaw
Wu Jian
Yredelemnul
Zin
The Shining One

Portals:
Trove: D:10 (give 15 scrolls of teleportation)


Innate Abilities, Weirdness & Mutations

You are resistant to damage.
You can heal yourself by infusing magical energy.
You passively map the area around you.
You do not regenerate.
You are partially covered in yellow scales. (AC +2)
You can translocate small distances at will.


Message History

You block the blink frog's attack. x2; The blink frog closely misses you.
You puncture the blink frog!
The blink frog is almost dead.
The blink frog hits you but does no damage.
The blink frog blinks!
The blink frog hits you!
* * * LOW HITPOINT WARNING * * *
The blink frog blinks!
You block the blink frog's attack. The blink frog hits you.
* * * LOW HITPOINT WARNING * * *
The blink frog blinks!
Your magical essence is drained by the effort!
You feel much better. The blink frog barely misses you.
The blink frog blinks!
The blink frog barely misses you.
You puncture the blink frog!
You kill the blink frog!
Makhleb accepts your kill.
The blink frog blinks!
The blink frog blinks! x2
The blink frog blinks! x2
Are you sure you want to abandon this character and quit the game? (Confirm with "yes".)

#
#.......######P..........####.#
##...>....#P#..#.P...####..#
### ..................##.#
##.## .......(..........#####
##..#
..##.##.............#.###..##
.# ####..........F..........#
., ##.......F..###.......# . ,
#...#.##.P.####.##..# ., , *, #
##@.P# #.##..# # #....#
#####..#,,* , #P§§.# * .... , *
* *#....#* ,, ....., *
*#........... , .... * ,,
#[............ * , ,
,,......###..#.... * ,, ,
.......* ...##P.,, , , ,
....... .### *. * ,


You could see 2 blink frogs.

Vanquished Creatures
  A frost giant (IceCv)
  A hydra (Lair:1)
  A centaur warrior (D:11)
  2 two-headed ogres
  2 ugly things
  An ice statue (IceCv)
  Maurice (D:9)
  2 cyclopes
  A black mamba (shapeshifter) (D:12)
  A spiny frog (Lair:1)
  10 polar bears (IceCv)
  A slime creature (D:10)
  A blink frog (Lair:2)
  Prince Ribbit (D:8)
  4 hippogriffs
  A vampire (D:10)
  2 shadows
  2 wyverns
  2 basilisks
  16 yaks
  A hungry ghost (D:7)
  4 vampire mosquitoes (D:10)
  Edmund (D:5)
  A water moccasin (Lair:2)
  8 porcupines
  An ice beast (D:6)
  3 sky beasts
  3 orc warriors
  4 black bears
  5 ogres
  14 wolves
  3 centaurs
  6 crocodiles
  15 bullfrogs
  A gnoll sergeant (D:11)
  3 scorpions
  A water moccasin skeleton (D:7)
  14 killer bees
  5 wights
  3 howler monkeys
  5 crimson imps
  A bullfrog skeleton (D:10)
  5 centaur skeletons
  A hound (D:11)
  11 jellies
  7 orc wizards
  4 orc priests
  6 iguanas
  Ijyb (D:3)
  10 worker ants
  A hound skeleton (D:11)
  Robin (D:4)
  A worker ant zombie (D:9)
  5 gnolls (D:11)
  16 adders
  A howler monkey skeleton (D:6)
  3 shadow imps
  12 white imps
  18 oozes
  An adder zombie (D:6)
  An adder skeleton (D:4)
  5 worms
  2 dart slugs
  2 leopard geckos
  39 orcs
  7 bats
  6 giant cockroaches
  23 goblins
  6 hobgoblins
  16 jackals
  8 quokkas
  2 ball pythons
  6 frilled lizards
  A jackal skeleton (D:8)
  8 kobolds
  8 rats
399 creatures vanquished.

Vanquished Creatures (collateral kills)
  Sonja (D:12)
  An ugly thing (D:11)
  A centaur skeleton (D:11)
  2 polar bears (IceCv)
  2 yaks
  2 wolves (IceCv)
  A scorpion (D:11)
  A howler monkey (D:8)
  A worker ant (D:12)
  5 orcs
17 creatures vanquished.

Vanquished Creatures (others)
  16 fungi
  A plant (D:11)
17 creatures vanquished.

Grand Total: 433 creatures vanquished

Notes
Turn   | Place    | Note
-------+----------+-------------------------------------------
     0 | D:1      | mortelune the Deep Dwarf Fighter began the quest for the Orb.
     0 | D:1      | Reached XP level 1. HP: 20/20 MP: 1/1
   314 | D:1      | Reached XP level 2. HP: 17/27 MP: 2/2
   710 | D:2      | Reached XP level 3. HP: 15/34 MP: 3/3
   934 | D:2      | Reached XP level 4. HP: 28/42 MP: 4/4
   999 | D:2      | Noticed a moth of wrath
  1105 | D:2      | Found a white marble altar of Elyvilon.
  1246 | D:2      | Found a bloodstained altar of Trog.
  1483 | D:3      | Noticed Ijyb
  1485 | D:3      | Paralysed by Ijyb for 2 turns
  1503 | D:3      | Killed Ijyb
  1907 | D:4      | Reached XP level 5. HP: 46/49 MP: 4/4
  2281 | D:4      | Reached XP level 6. HP: 39/57 MP: 5/5
  2500 | D:4      | Reached skill level 5 in Maces & Flails
  2834 | D:4      | Reached skill level 5 in Armour
  3119 | D:4      | Noticed Robin
  3142 | D:4      | Killed Robin
  3336 | D:5      | Entered Level 5 of the Dungeon
  3397 | D:5      | Reached XP level 7. HP: 38/64 MP: 5/5
  3541 | D:5      | Found a shadowy altar of Dithmenos.
  3548 | D:5      | Noticed Edmund
  3568 | D:5      | Killed Edmund
  3648 | D:5      | Noticed a hippogriff
  3663 | D:5      | Killed a hippogriff
  4183 | D:6      | Reached XP level 8. HP: 22/73 MP: 6/6
  4203 | D:6      | Reached skill level 5 in Fighting
  4249 | D:7      | Found a bloodstained altar of Trog.
  4413 | D:7      | Found a staircase to the Ecumenical Temple.
  4495 | Temple   | Entered the Ecumenical Temple
  4528 | Temple   | Became a worshipper of Makhleb the Destroyer
  4851 | D:6      | Identified the Catalogue of the Rocks and Battle Magic
  5384 | D:7      | Gained mutation: You passively map the area around you. [Deep Dwarf growth]
  5384 | D:7      | Reached XP level 9. HP: 23/82 MP: 6/6
  5452 | D:7      | Reached * piety under Makhleb
  5495 | D:7      | Found a snail-covered altar of Cheibriados.
  5596 | D:7      | Found a blossoming altar of Fedhas.
  5598 | D:7      | Found a stormy altar of Qazlal.
  6276 | D:8      | Found the +9 sword of Zonguldrok {reap}
  6302 | D:8      | Noticed Prince Ribbit
  6324 | D:8      | Reached skill level 1 in Long Blades
  6338 | D:8      | Reached ** piety under Makhleb
  6531 | D:8      | Killed Prince Ribbit
  6776 | D:9      | Noticed a cyclops
  6786 | D:9      | Killed a cyclops
  6786 | D:9      | Reached XP level 10. HP: 56/94 MP: 6/6
  6817 | D:9      | Noticed Maurice
  6836 | D:9      | Killed Maurice
  7262 | D:9      | Noticed a two-headed ogre
  7299 | D:9      | Killed a two-headed ogre
  7299 | D:9      | Reached skill level 10 in Maces & Flails
  7528 | D:10     | Entered Level 10 of the Dungeon
  7699 | D:10     | Found a portal to a secret trove of treasure.
  7782 | D:10     | Reached *** piety under Makhleb
  8315 | D:10     | Reached skill level 10 in Armour
  8534 | D:11     | Found a staircase to the Lair.
  8563 | D:11     | Reached skill level 5 in Invocations
  8578 | D:11     | Noticed a two-headed ogre
  8581 | D:11     | Noticed a white ugly thing
  8593 | D:11     | Killed a two-headed ogre
  8593 | D:11     | Reached XP level 11. HP: 74/104 MP: 9/11
  8603 | D:11     | Killed a white ugly thing
  8607 | D:11     | Reached **** piety under Makhleb
  8789 | D:11     | Noticed a green ugly thing
  8803 | D:11     | Killed a green ugly thing
  8858 | D:11     | Found a frozen archway.
  8868 | IceCv    | Entered an ice cave
  9385 | IceCv    | Noticed a frost giant
  9421 | IceCv    | Killed a frost giant
  9440 | IceCv    | Reached XP level 12. HP: 87/116 MP: 12/12
  9641 | IceCv    | Gained mutation: You can translocate small distances at will. [potion of mutation]
  9641 | IceCv    | Gained mutation: You are partially covered in yellow scales. (AC +2) [potion of mutation]
 10129 | D:11     | You fall through a shaft for 2 floors!
 10146 | D:12     | Noticed Sonja
 10148 | D:12     | Identified 2 scrolls of acquirement
 10151 | D:12     | Found a staircase to the Orcish Mines.
 10201 | D:12     | Got a pair of bloodstained boots
 10212 | D:12     | Identified the +2 pair of boots of the Vacuum {rCorr} (You acquired it on level 12 of the Dungeon)
 10412 | D:12     | Reached skill level 10 in Fighting
 10557 | D:12     | Killed Sonja
 10740 | D:11     | Noticed a centaur warrior
 10782 | D:11     | Killed a centaur warrior
 11130 | Lair:1   | Entered Level 1 of the Lair of Beasts
 11291 | Lair:1   | Noticed a five-headed hydra
 11304 | Lair:1   | Killed a five-headed hydra
 11343 | Lair:1   | Got a pitted bronze ring
 11345 | Lair:1   | Identified the ring of the Iron Devil {rF+ Str-2 Int+3 Slay+2} (You found it on level 1 of the Lair of Beasts)
 11357 | Lair:1   | Identified Sif Muna's Grimoire of Combat Magic and the Compass
 11779 | Lair:1   | Reached skill level 10 in Invocations
 12468 | Lair:2   | Quit the game

Skill      XL: |  1  2  3  4  5  6  7  8  9 10 11 12 |
---------------+-------------------------------------+-----
Fighting       | 3 4 5 7 8 9 10 | 10.5
Maces & Flails | 3 4 5 6 8 9 10 11 12 | 12.4
Armour         | 4 5 6 7 8 10 11 12 | 12.3
Long Blades    | 2 |  2.5
Invocations    | 5 8 10 | 10.2
Shields        | |  3.2

Action                   |  1- 3 |  4- 6 |  7- 9 | 10-12 || total
-------------------------+-------+-------+-------+-------++-------
Melee: Flail             |    62 |       |       |       ||    62
       Morningstar       |    90 |   297 |   380 |  1061 ||  1828
       Double sword      |       |       |    58 |       ||    58
       Unarmed           |       |       |       |     1 ||     1
 Fire: Hunting sling     |       |     1 |    16 |     3 ||    20
Throw: Stone             |       |     7 |       |       ||     7
       Tomahawk          |       |    12 |     8 |     9 ||    29
Invok: Lesser Servant of |       |       |       |    15 ||    15
 Abil: Heal Wounds       |     1 |     3 |    11 |    35 ||    50
       Blink             |       |       |       |     1 ||     1
  Use: Scroll            |       |     7 |     3 |    14 ||    24
       Potion            |       |     1 |     2 |    10 ||    13
 Stab: Distracted        |       |       |       |     4 ||     4
  Eat: Chunk             |       |     9 |    16 |    14 ||    39
       Ration            |       |       |       |     2 ||     2
Armor: Scale mail        |    53 |       |       |       ||    53
       Plate armour      |    75 |   209 |   238 |     8 ||   530
       Chain mail        |    12 |       |    92 |  1342 ||  1446
Dodge: Dodged            |    63 |    55 |   108 |   338 ||   564
Block: Shield            |   136 |   166 |   281 |   693 ||  1276
       Rpst.: Double sword |       |       |     4 |       ||     4
